 Dungeon Crawl Stone Soup version 0.31-a0-246-g8cbcc1cb85 (webtiles) character file.

Game seed: 11605788310393507589

119 qw the Shooter (level 4, -3/36 HPs)
             Began as a Minotaur Hexslinger on July 12, 2023.
             Was an Initiate of Okawaru.
             Slain by Eustachio
             ... wielding a +0 falchion of protection
              (8 damage)
             ... on level 4 of the Dungeon.
             The game lasted 00:00:50 (2582 turns).

qw the Shooter (Minotaur Hexslinger)                Turns: 2582, Time: 00:00:51

Health: -3/36      AC:  5    Str: 13    XL:     4   Next: 74%
Magic:  4/4        EV: 11    Int: 10    God:    Okawaru [......]
Gold:   185        SH:  0    Dex: 14    Spells: 4/5 levels left

rFire   . . .        Y - +2 sling
rCold   . . .        (no shield)
rNeg    . . .        d - +0 ring mail
rPois   .            (helmet restricted)
rElec   .            (no cloak)
rCorr   .            (no gloves)
SInv    .            (no boots)
Will    .....        (no amulet)
Stlth   +            (no ring)
HPRegen 0.26/turn    (no ring)
MPRegen 0.09/turn

%: no passive effects
@: no status effects
A: horns 2, retaliatory headbutt
a: Renounce Religion


You were on level 4 of the Dungeon.
You worshipped Okawaru.
Okawaru was noncommittal.
You visited 1 branch of the dungeon, and saw 4 of its levels.

You collected 245 gold pieces.
You spent 60 gold pieces at shops.


Innate Abilities, Weirdness & Mutations

You have a pair of horns on your head.
You reflexively headbutt those who attack you in melee.


   Skills:
 - Level 2.0 Fighting
 + Level 4.8 Ranged Weapons
 - Level 2.1 Armour
 - Level 2.1 Dodging
 - Level 1.0 Spellcasting
 - Level 2.0 Hexes


You had 4 spell levels left.
You knew the following spells:

 Your Spells              Type           Power      Damage    Failure   Level
a - Slow                  Hex            16%        N/A       32%         1

Your spell library contained the following spells:

 Spells                   Type           Power      Damage    Failure   Level
 Inner Flame              Hex/Fire       2%         N/A       82%         3
 Portal Projectile        Hex/Tloc       4%         N/A       82%         3
 Cause Fear               Hex            2%         N/A       97%         4

Inventory:

Hand Weapons
 Y - a +2 sling (weapon)
Armour
 d - a +0 ring mail (worn)
Scrolls
 b - a scroll of enchant armour
 k - a scroll of identify
Potions
 c - a potion of haste {unknown}
 e - 4 potions of curing
 f - a potion of attraction {unknown}
 h - a potion of lignification {unknown}

Dungeon Overview and Level Annotations

Branches:
Dungeon (4/15)
 Temple: D:4-7

Altars:
Fedhas
Okawaru
Qazlal
Ru
Vehumet
Yredelemnul

Shops:
D:2 !

Annotations:
D:4 Eustachio


Message History

You feel strangely unstable. The phantom barely misses you.
2575 ||| DRINKING potion of heal wounds.
You feel much better. The phantom barely misses you.
You shoot a sling bullet.
The sling bullet hits the phantom but does no damage.
The phantom is moderately damaged.
The phantom hits you.
You shoot a sling bullet. The sling bullet misses the phantom.
Your surroundings suddenly seem different.
A frost-covered statue comes into view.
Found a radiant altar of Vehumet.
The frost-covered statue gestures at you.
The puff of frost hits you!
Enter note:
Enter note: You shoot a sling bullet.
The sling bullet hits Eustachio.
Eustachio is lightly wounded.
You shoot a sling bullet.
The sling bullet closely misses Eustachio.
The sling bullet hits the sleepcap.
The sleepcap is lightly damaged.
Eustachio hits you with a +0 falchion of protection.
Eustachio hits you with a +0 falchion of protection!
You shoot a sling bullet.
The sling bullet barely misses Eustachio.
The sling bullet hits the sleepcap.
The sleepcap is moderately damaged.
Eustachio casts a spell.
You shoot a sling bullet. The sling bullet hits Eustachio.
Eustachio is moderately wounded.
Eustachio hits you with a +0 falchion of protection.
The iron imp hits you but does no damage.
You shoot a sling bullet. The sling bullet hits Eustachio!
Eustachio is heavily wounded.
Eustachio calls on the powers of shadow!
Eustachio hits you but does no damage.
Eustachio hits you with a +0 falchion of protection!
You die...

..+.......
.......... #####
~.....P... #...#
~~..PPP.# #.8.#
....._PP# #...#
~$.PPPP... #._.#
.......... #...#
.....#....
..#.5.# ..
...(.+....
..#.@.#...
.###+# #(#
#.##@##.#+ #
##.####..of.....
#...............
#...............
+......).%......
#........##.####
#..~~~¤.## .#
.<.~~¤¤¤..#


You could see a frost-covered statue, Eustachio, a sleepcap, an iron imp
(summoned) and an orc.

Vanquished Creatures
  A hound (D:4)
  Terence (D:3)
  An adder (D:2)
  A worm (D:3)
  A dart slug (D:2)
  4 orcs
  3 endoplasms
  3 goblins
  7 hobgoblins
  3 jackals (D:3)
  4 quokkas
  4 ball pythons (D:1)
  6 bats
  2 frilled lizards
  5 rats
46 creatures vanquished.

Notes
Turn   | Place    | Note
-------+----------+-------------------------------------------
     0 | D:1      | qw the Minotaur Hexslinger began the quest for the Orb.
     0 | D:1      | Reached XP level 1. HP: 16/16 MP: 1/1
     0 | D:1      | 0 ||| qw: Version: 0.3-a-52-g30416fa
     0 | D:1      | 0 ||| qw: Game counter: 6375
     0 | D:1      | 0 ||| qw: Melee chars always use a shield: true
     0 | D:1      | 0 ||| qw: God list: Okawaru
     0 | D:1      | 0 ||| qw: Allow faded altars: false
     0 | D:1      | 0 ||| qw: Do Orc after clearing Dungeon:15 true
     0 | D:1      | 0 ||| qw: Do second Lair branch before Depths: true
     0 | D:1      | 0 ||| qw: Lair rune preference: random
     0 | D:1      | 0 ||| qw: Goals: Normal
     0 | D:1      | 0 ||| PLANNING D:1-11
   183 | D:1      | Reached skill level 3 in Ranged Weapons
   183 | D:1      | Reached XP level 2. HP: 23/23 MP: 2/2
   738 | D:1      | 738 ||| UPGRADING to +0 ring mail.
   748 | D:1      | 748 ||| DROPPING +0 robe.
   749 | D:1      | 749 ||| READING scroll labelled JOX JEDAL DADA.
   750 | D:1      | 750 ||| READING scroll labelled TOKHEU AHEMAU.
   753 | D:1      | 753 ||| DROPPING scroll of poison.
   816 | D:2      | Found Bumuq's Distillery.
   839 | D:2      | 839 ||| SHOPLISTING potion of haste (120 gold, have 104).
   839 | D:2      | 839 ||| BUYING potion of heal wounds (60 gold).
   839 | D:2      | Bought a potion of heal wounds for 60 gold pieces
   867 | D:2      | Found an iron altar of Okawaru.
   868 | D:2      | 868 ||| PLANNING OKAWARU WORSHIP
   868 | D:2      | 868 ||| READING scroll labelled LUASUT TAUVA.
   869 | D:2      | 869 ||| READING scroll labelled HERAAKHL KURE.
   876 | D:2      | Became a worshipper of Warmaster Okawaru
   877 | D:2      | 877 ||| PLANNING D:1-11
   906 | D:2      | Reached XP level 3. HP: 27/29 MP: 3/3
  1316 | D:3      | Reached skill level 4 in Ranged Weapons
  1491 | D:3      | Noticed Terence
  1508 | D:3      | Killed Terence
  1509 | D:3      | Reached XP level 4. HP: 24/36 MP: 4/4
  1575 | D:3      | Identified the +10 dagger of Incongruity {heavy, Will+
                  | Str+3}
  2149 | D:3      | Found a basalt altar of Yredelemnul.
  2153 | D:3      | 2153 ||| FLEEEEING.
  2154 | D:3      | 2154 ||| FLEEEEING.
  2155 | D:3      | 2155 ||| FLEEEEING.
  2156 | D:3      | 2156 ||| FLEEEEING.
  2459 | D:3      | 2459 ||| READING scroll labelled ZOTUJETTYS.
  2460 | D:3      | 2460 ||| READING scroll labelled NUCRAOR NEIJAM.
  2472 | D:4      | 2472 ||| PLANNING OSSUARY
  2542 | D:4      | Found a sacrificial altar of Ru.
  2559 | D:4      | Noticed Eustachio
  2564 | D:4      | HP: 7/36 [orc/+0 dagger (4)]
  2565 | D:4      | 2565 ||| READING 2 scrolls of teleportation.
  2565 | D:4      | HP: 3/36 [sleepcap (2)]
  2566 | D:4      | 2566 ||| DRINKING 2 potions of heal wounds.
  2567 | D:4      | Found a stormy altar of Qazlal.
  2567 | D:4      | Found a blossoming altar of Fedhas.
  2567 | D:4      | Noticed a phantom
  2573 | D:4      | HP: 6/36 [phantom (7)]
  2574 | D:4      | 2574 ||| READING scroll of teleportation.
  2575 | D:4      | 2575 ||| DRINKING potion of heal wounds.
  2577 | D:4      | Found a radiant altar of Vehumet.
  2577 | D:4      | Noticed a frost-covered statue
  2581 | D:4      | HP: 4/36 [Eustachio/+0 falchion of protection (6)]
  2582 | D:4      | Slain by Eustachio

Levels and vault maps discovered:
D:1:      lightli_arrival_statue_moat, layout_loops_ring
D:2:      layout_basic, basic_altar, serial_shops, shop
D:3:      minmay_spotlight, layout_basic, old_standard_altar,
          minmay_misc_feat_hallway, uniq_terence
D:4:      layout_gridville, grunt_temple_overflow_forces_of_nature,
          vehumet_statue, nicolae_elyvilon_peaceful_grove,
          mainiacjoe_overflow_catwalk, nicolae_overflow_hidden_temple,
          gup_ossuary_entry_pyramid, uniq_eustachio, uniq_grinder

Skill      XL: |  1  2  3 |
---------------+----------+-----
Ranged Weapons | 3 4 |  4.8
Fighting       | 2 |  2.0
Armour         | 2 |  2.1
Dodging        | |  2.1
Spellcasting   | |  1.0
Hexes          | |  2.0

Action                     |  1- 3 |  4- 6 || total
---------------------------+-------+-------++-------
   Fire: Sling             |   108 |    88 ||   196
    Use: Scroll            |     4 |     4 ||     8
         Potion            |       |     2 ||     2
 Armour: Robe              |     7 |       ||     7
         Ring mail         |     9 |    14 ||    23
  Dodge: Dodged            |    40 |    30 ||    70

Table legend:
 A = Non-vault XP
 B = Vault XP
 C = Vault XP percentage of total XP
 D = Non-vault monster count
 E = Vault monster count
 F = Vault count percentage of total count
                 A         B        C        D         E       F
            +---------+---------+-------+---------+---------+-------
      Total |     129 |      42 |  24.6 |      41 |       5 |  10.9
            +---------+---------+-------+---------+---------+-------
        D:1 |      30 |       0 |   0.0 |      18 |       0 |   0.0
        D:2 |      24 |       0 |   0.0 |       7 |       0 |   0.0
        D:3 |      28 |      42 |  60.0 |      13 |       5 |  27.8
        D:4 |      47 |       0 |   0.0 |       3 |       0 |   0.0
            +---------+---------+-------+---------+---------+-------
